Map: Ulzaan

Players

Asediante - Winner!

  • Race: Terran Terran
  • League: Platinum
  • Spawn Location: 3:00

Seths - Winner!

  • Race: Terran Terran
  • League: Platinum
  • Spawn Location: 1:00

OpuS

  • Race: Protoss Protoss
  • League: Platinum
  • Spawn Location: 11:00

Sketchaphone

  • Race: Zerg Zerg
  • League: Platinum
  • Spawn Location: 9:00

VOD

Have the link to the VOD?

Description

Time

  • Played on: Feb. 5, 2019, 9:27 p.m.
  • Length: 11:53
Show
View Real Time Build Order
Export as new Build Order

Asediante Terran - Winner!

Build Orders: 1/1/1 

Get SALT Encoding   

  12  0:01  SCV  
  13  0:13  SCV  
  14  0:19  Supply Depot  
  14  0:25  SCV  
  15  0:31  Refinery  
  15  0:41  SCV  
  16  0:49  Barracks  
  16  0:53  SCV  
  17  0:59  Refinery  
  17  1:05  SCV  
  18  1:17  SCV  
  19  1:29  SCV  
  20  1:43  Factory  
  20  1:44  Barracks Tech Lab  
  20  1:57  Orbital Command  
  21  2:22  SCV  
  21  2:28  Starport  
  21  2:29  Starport  
  21  2:30  Factory Tech Lab  
  21  2:35  Supply Depot, SCV  
  22  2:41  Supply Depot  
  22  2:47  SCV  
  23  2:59  SCV  
  23  3:01  Factory Tech Lab  
  24  3:11  SCV  
  25  3:22  Fusion Core  
  25  3:23  SCV  
  26  3:39  SCV  
  27  3:53  Starport  
  27  3:55  SCV  
  28  4:11  Battlecruiser  
  34  4:18  Supply Depot  
  34  4:22  Supply Depot  
  34  4:33  Battlecruiser  
  43  4:47  Battlecruiser  
  46  4:53  SCV  
  46  4:55  Supply Depot  
  47  5:05  SCV  
  48  5:17  SCV  
  49  5:22  Battlecruiser  
  55  5:34  SCV  
  56  5:46  SCV  
  57  5:58  SCV  
  57  6:04  Battlecruiser x2  
  70  6:22  SCV  
  71  6:49  Battlecruiser, SCV  
  60  7:51  Battlecruiser x2  
  66  7:53  SCV  
  73  8:05  SCV  
  74  8:11  Command Center  
  74  8:17  SCV  
  74  8:51  SCV  
  75  8:57  Starport Tech Lab  
  75  9:03  SCV  
  76  9:15  SCV  
  77  9:23  Command Center  
  77  9:31  Engineering Bay  
  77  9:34  Battlecruiser  
  77  9:36  SCV  
  78  10:11  Supply Depot  
  78  10:12  Battlecruiser  
  84  10:20  Missile Turret  
  84  10:33  Battlecruiser  
  83  10:51  Missile Turret, SCV  
  83  10:53  Refinery  
  83  10:54  Refinery  
  80  11:18  Missile Turret  
  80  11:23  Missile Turret  
  80  11:27  Missile Turret  
Show
View Real Time Build Order
Export as new Build Order

Seths Terran - Winner!

Build Orders:  

Get SALT Encoding   

  12  0:01  SCV  
  13  0:13  SCV  
  14  0:25  SCV  
  15  0:32  Supply Depot  
  15  0:38  Refinery  
  15  0:57  Barracks  
  15  0:59  SCV  
  16  1:11  SCV  
  16  1:17  Barracks  
  17  1:22  Barracks  
  17  1:23  SCV  
  18  1:47  Marine  
  18  1:48  Barracks  
  18  1:53  SCV  
  20  2:05  Marine  
  21  2:11  Supply Depot  
  21  2:16  Marine  
  21  2:17  Marine  
  23  2:33  Marine  
  23  2:34  Marine x2, Supply Depot  
  23  2:35  Marine  
  27  2:45  Orbital Command  
  27  2:50  Marine  
  28  2:52  Marine x2  
  28  2:53  Marine  
  31  3:01  Supply Depot  
  31  3:08  Marine  
  31  3:10  Marine x2  
  34  3:13  Marine  
  35  3:26  Marine  
  36  3:28  Marine  
  37  3:34  Marine x2  
  39  3:44  Marine  
  39  3:46  Marine  
  41  3:52  Marine x2  
  43  4:02  Marine  
  44  4:03  Marine  
  45  4:11  Refinery  
  45  4:33  Marine x2  
  47  4:46  Supply Depot  
  47  4:54  Supply Depot  
  47  5:07  Marine x4  
  47  5:08  Supply Depot  
  51  5:16  Supply Depot  
  47  5:21  SCV  
  47  5:25  Marine x4  
  50  5:33  SCV  
  51  5:42  Marine x2  
  51  5:46  Engineering Bay  
  54  5:50  SCV  
  54  6:02  SCV  
  49  6:56  Marine  
  49  6:57  Marine x3  
  53  7:14  Marine  
  53  7:15  Marine x3  
  57  7:32  Marine x2  
  57  7:33  Marine x2  
  50  7:50  Marine x3  
  43  8:33  Marine x4  
  24  8:51  Marine x4  
  26  9:08  Marine x2  
  26  9:09  Marine x2  
  29  9:26  Marine x3  
  29  9:27  Marine  
  33  9:44  Marine x4  
  37  10:02  Marine x4  
  39  10:13  SCV  
  40  10:20  Marine x4  
  44  10:26  SCV  
  45  10:37  Marine  
  45  10:38  Marine x3  
  49  10:55  Marine x2  
  50  11:32  Marine x4  
Show
View Real Time Build Order
Export as new Build Order

OpuS Protoss 

Build Orders:  

Get SALT Encoding   

  12  0:00  Probe  
  13  0:13  Probe  
  14  0:19  Pylon  
  14  0:21  Probe  
  15  0:33  Probe  
  15  0:39  Gateway  
  16  0:48  Probe  
  17  0:52  Assimilator  
  17  1:00  Probe  
  17  1:04  Gateway  
  18  1:12  Probe  
  19  1:21  Pylon  
  19  1:26  Cybernetics Core  
  19  1:33  Probe  
  20  1:41  Probe  
  21  1:57  Pylon  
  21  2:04  Adept  
  21  2:05  Pylon, Adept  
  21  2:06  Warp Gate  
  25  2:09  Probe  
  25  2:19  Forge  
  25  2:28  Probe  
  26  2:42  Shield Battery  
  26  2:49  Adept x2  
  26  2:50  Shield Battery  
  30  3:00  Photon Cannon  
  30  3:06  Probe  
  30  3:11  Photon Cannon  
  31  3:17  Assimilator  
  31  3:30  Stargate  
  31  3:42  Zealot x2  
  35  3:52  Twilight Council  
  35  4:04  Oracle  
  38  4:23  Zealot  
  40  4:24  Zealot  
  42  4:39  Nexus  
  42  4:47  Pylon  
  42  4:57  Charge  
  42  5:03  Pylon  
  42  5:18  Oracle  
  45  5:34  Stargate  
  45  5:38  Zealot x2  
  49  5:50  Probe  
  49  5:52  Probe  
  51  6:10  Zealot  
  51  6:11  Zealot  
  55  6:31  Void Ray x2  
  57  6:44  Stalker  
  57  6:45  Stalker  
  63  7:02  Probe x2, Gateway  
  63  7:08  Stalker  
  67  7:10  Stalker  
  69  7:36  Void Ray  
  69  7:39  Probe x2  
  69  7:43  Assimilator  
  63  7:51  Probe x2  
  61  7:59  Void Ray  
  65  8:09  Zealot x3  
  71  8:17  Probe, Assimilator  
  71  8:18  Probe  
  71  8:38  Void Ray  
  69  8:42  Stalker  
  61  8:57  Void Ray  
  61  8:58  Probe x2  
  65  9:10  Probe  
  65  9:16  Probe  
  67  9:22  Probe  
  68  9:24  Stargate  
  59  9:36  Void Ray  
  59  9:37  Void Ray  
  23  11:18  Nexus  
  23  11:20  Pylon  
Show
View Real Time Build Order
Export as new Build Order

Sketchaphone Zerg 

Build Orders: Hatch First 

Get SALT Encoding   

  12  0:01  Drone  
  13  0:12  Overlord  
  13  0:18  Drone  
  14  0:23  Extractor  
  14  0:24  Drone  
  15  0:33  Drone  
  16  0:37  Drone  
  17  0:55  Hatchery  
  16  0:58  Drone  
  16  1:03  Drone, Extractor  
  17  1:14  Drone  
  18  1:29  Overlord  
  18  1:30  Spawning Pool  
  17  1:33  Drone  
  17  1:39  Drone  
  19  1:53  Drone  
  20  2:08  Drone  
  21  2:11  Drone x2  
  23  2:18  Metabolic Boost  
  23  2:23  Zergling x2  
  23  2:28  Hatchery  
  23  2:31  Queen  
  25  2:38  Zergling x2  
  26  2:49  Queen  
  28  2:57  Roach Warren  
  27  2:58  Drone  
  27  2:59  Drone  
  29  3:07  Drone  
  30  3:16  Overlord  
  30  3:17  Drone  
  31  3:20  Overlord  
  31  3:35  Zergling x2  
  31  3:36  Drone x3  
  35  3:45  Overlord, Drone  
  35  3:47  Drone x2  
  38  3:53  Evolution Chamber  
  37  3:59  Drone  
  37  4:01  Roach  
  37  4:02  Roach x2  
  44  4:05  Overlord  
  44  4:15  Queen x2  
  48  4:18  Drone  
  48  4:21  Drone  
  50  4:28  Zerg Ground Armor Level 1  
  50  4:35  Drone  
  51  4:38  Drone  
  51  4:39  Drone  
  53  4:48  Evolution Chamber  
  53  4:49  Drone  
  53  5:02  Spore Crawler, Drone x3  
  55  5:09  Spore Crawler  
  55  5:13  Spore Crawler, Drone x11  
  64  5:22  Zergling x2  
  65  5:30  Overlord  
  65  5:37  Overlord x3  
  65  5:45  Zerg Missile Weapons Level 1  
  65  5:47  Lair, Extractor  
  65  5:48  Pneumatized Carapace  
  64  5:51  Drone x4  
  64  5:52  Drone x3  
  64  5:54  Extractor  
  64  5:56  Extractor  
  69  6:12  Roach x6  
  81  6:22  Roach  
  75  6:38  Zergling x18  
  75  6:39  Zergling x4  
  85  6:48  Hydralisk Den  
  85  6:50  Extractor  
  85  6:51  Extractor  
  80  7:08  Spawning Pool  
  79  7:18  Hydralisk x2  
  82  7:24  Overlord x3  
  59  7:40  Hydralisk x4  
  59  7:50  Hydralisk  
  53  8:10  Hatchery  
  53  8:11  Drone x5  
  45  8:25  Hatchery  
  44  8:33  Spawning Pool  
  10  9:18  Drone x2  
  11  9:24  Spore Crawler  
  11  9:25  Spore Crawler  
  9  9:41  Lair  
  9  10:11  Drone x3  
  12  10:15  Extractor  
  12  10:16  Extractor  
  10  10:22  Drone  
  11  10:30  Drone  
  11  10:34  Drone  
  13  10:39  Drone  
  13  10:49  Drone x2  
  12  11:07  Drone  
  12  11:08  Drone  
  17  11:40  Drone x3  
Tags
 
Add a new tag
Caveats
  • Supply blocks, unpowered buildings, or Contaminate may cause inaccurate times.
  • Supply counts are checked every 10 seconds.